 Dungeon Crawl Stone Soup version 0.28-a0-422-gd71735cc25 (webtiles) character file.

Game seed: 7694446413297134909

4083 robertstho the Thaumaturge (level 10, -14/69 HPs)
             Began as a Djinni Fire Elementalist on Sept 8, 2021.
             Was an Initiate of Gozag.
             Hit by a large rock thrown by a cyclops (29 damage)
             ... on level 11 of the Dungeon.
             The game lasted 00:12:18 (10971 turns).

robertstho the Thaumaturge (DjFE)                  Turns: 10971, Time: 00:12:19

Health: -14/69     AC:  5    Str:  7    XL:     10   Next: 49%
Gold:   501        EV: 17    Int: 20    God:    Gozag SH:  0 Dex: 14

rFire   + + .      SeeInvis .   w - +2 dagger (venom)
rCold   x . .      Faith    .   (no shield)
rNeg    . . .      Spirit   .   a - +0 robe
rPois   ∞          Reflect  .   (no helmet)
rElec   .          Harm     .   J - +1 cloak
rCorr   .          Rampage  .   s - +0 pair of gloves
Will    +....                   (boots unavailable)
Stlth   ++........              (no amulet)
HPRegen 0.21/turn               j - +4 ring of evasion
MPRegen 0.00/turn               D - +4 ring of slaying

@: flying
A: sickness immunity, fire resistance 2, cold vulnerability 1, float, innate
caster, hp casting, extra vitality 1
a: Renounce Religion, Potion Petition, Call Merchant, Bribe Branch


You were on level 11 of the Dungeon.
You worshipped Gozag.
Gozag was pleased with you.
You visited 2 branches of the dungeon, and saw 11 of its levels.

You collected 907 gold pieces.
You spent 285 gold pieces at shops.
You paid 121 gold pieces to Gozag.

Inventory:

Hand Weapons
 c - a +1 vorpal hand axe
 u - a +0 dagger of venom
 v - a +1 hand axe of venom
 w - a +2 dagger of venom (weapon)
Armour
 a - a +0 robe (worn)
 s - a +0 pair of gloves (worn)
 J - a +1 cloak (worn)
Jewellery
 j - a +4 ring of evasion (left hand)
 o - a ring of resist corrosion
 D - a +4 ring of slaying (right hand)
 E - a ring of positive energy
Wands
 I - a wand of mindburst (11)
Scrolls
 b - a scroll of acquirement {unknown}
 d - 3 scrolls of enchant armour {unknown}
 f - 4 scrolls of noise {unknown}
 g - 3 scrolls of enchant weapon {unknown}
 h - 5 scrolls of blinking {unknown}
 l - a scroll of magic mapping {unknown}
 m - 5 scrolls of fear {unknown}
 p - 2 scrolls of immolation {unknown}
 r - a scroll of summoning
 t - 4 scrolls of vulnerability
 x - a scroll of holy word
 A - a scroll of silence
 B - a scroll of fog
Potions
 e - 2 potions of ambrosia
 i - 3 potions of haste
 k - 2 potions of curing
 n - a potion of mutation
 q - 2 potions of brilliance
 z - a potion of lignification
 C - a potion of degeneration {unknown}


   Skills:
 * Level 4.8 Fighting
 + Level 1.0 Short Blades
 + Level 0.4 Axes
 + Level 3.3 Dodging
 + Level 3.3 Stealth
 * Level 10.2 Spellcasting


You had 8 spell levels left.
You knew the following spells:

 Your Spells              Type           Power      Damage    Failure   Level
a - Foxfire               Conj/Fire      100%       2x1d9     1%          1
b - Scorch                Fire           100%       2d10      1%          2
c - Conjure Flame         Conj/Fire      50%        6-21      1%          3
d - Inner Flame           Hex/Fire       50%        N/A       1%          3
e - Flame Wave            Conj/Fire      50%        3d10      1%          4
f - Apportation           Tloc           100%       N/A       1%          1
g - Blink                 Tloc           N/A        N/A       1%          2
h - Searing Ray           Conj           100%       2d8       1%          2
i - Gell's Gravitas       Tloc           25%        N/A       1%          3
Your spell library was empty.

Dungeon Overview and Level Annotations

Branches:
Dungeon (9/15)             Temple (1/1) D:6            Lair (0/6) D:9
    Orc: D:9-12

Altars:
Dithmenos
Gozag
Kikubaaqudgha
Ru
Sif Muna
Vehumet
Wu Jian
Xom
Zin

Shops:
D:6 **[*

Annotations:
D:6 Good shop
D:8 exclusion: statue
D:11 Nergalle


Innate Abilities, Weirdness & Mutations

You are immune to sickness and miasma.
You are immune to poison.
Your flesh is very heat resistant. (rF++)
You are vulnerable to cold. (rC-)
You float through the air rather than walking.
You learn spells naturally, not from books.
Your magical power is your life essence.
You have superior vitality. (+4 HP)


Message History

The death yak is distracted by your dazzling golden aura.
The death yak is no longer distracted by gold.
The death yak is distracted by your dazzling golden aura.
You see here 27 arrows.
There is a shaft here.
You are sucked into a shaft and drop 2 floors!
The shaft crumbles and collapses.
The troll shouts!
Found a stone staircase leading up.
Okay, then.
Casting: Flame Wave (dangerous; 1% risk of failure)
Confirm with . or Enter, or press ? or * to list all spells.
You blink.
Found a chain mail.
* * * LOW HITPOINT WARNING * * *
As you read the scroll of teleportation, it crumbles to dust.
You feel strangely unstable.
You fade into invisibility!
Your surroundings suddenly seem different.
A two-headed ogre and Nergalle come into view.
Found a ring mail and 29 stones.
You are very lightly contaminated with residual magic.
Found a stone staircase leading down.
Found a scroll of identify.
You flicker for a moment.
H - 3 scrolls of identify (gained 1)
As you read the scroll of identify, it crumbles to dust.
k - 2 potions of curing You flicker back into view.
As you read the scroll of identify, it crumbles to dust.
z - a potion of lignification
As you read the scroll of identify, it crumbles to dust.
F - a potion of flight Drop what? 33/52 slots (_ for help) (? for menu, Esc to quit)
You drop a potion of flight.
A cyclops comes into view.
Your magical contamination has completely faded away.
The cyclops shouts!
The cyclops throws a large rock.
The large rock hits you!!
You die...
Your body crumbles into a pile of gold.

#>..# #.#### ##..#
#.# ##..# #.# #...#
#.# #.#!#######..
#.#.........#
#.##.#...###
##.#####.##.##.####
#.....@.....C......
##.#####....##.....
###### ####


You could see a cyclops.

Vanquished Creatures
  A death yak (D:9)
  A hornet (D:9)
  Prince Ribbit (D:8)
  4 yaks (D:9)
  A basilisk (D:8)
  A steam dragon (D:7)
  An orc warrior (D:8)
  A water moccasin (D:8)
  A black bear (D:4)
  3 sky beasts
  A necrophage (D:8)
  2 centaurs
  2 ice beasts
  2 phantoms
  3 bullfrogs
  A scorpion (D:6)
  A water moccasin skeleton (D:5)
  2 electric eels (D:8)
  A howler monkey (D:8)
  3 orc priests
  A centaur skeleton (D:6)
  A gnoll shaman (D:5)
  4 iguanas
  7 orc wizards
  A hound skeleton (D:5)
  7 gnolls (D:5)
  7 adders
  4 white imps
  An ufetubus (D:5)
  2 worms
  4 dart slugs
  12 orcs
  4 ball pythons
  7 endoplasms
  5 giant cockroaches
  10 goblins
  7 hobgoblins
  5 jackals
  5 kobolds
  2 quokkas
  8 bats
  A frilled lizard (D:3)
  5 rats
143 creatures vanquished.

Vanquished Creatures (others)
  534 foxfires
534 creatures vanquished.

Grand Total: 677 creatures vanquished

Notes
Turn   | Place    | Note
-------+----------+-------------------------------------------
     0 | D:1      | robertstho the Djinni Fire Elementalist began the quest for
                  | the Orb.
     0 | D:1      | Reached XP level 1. HP: 15/15 MP: 0/0
   431 | D:1      | Reached XP level 2. HP: 16/21 MP: 0/0
   861 | D:1      | Reached skill level 3 in Spellcasting
  1002 | D:1      | Reached XP level 3. HP: 24/26 MP: 0/0
  1002 | D:1      | Learned a level 1 spell: Apportation
  2450 | D:2      | Reached XP level 4. HP: 28/31 MP: 0/0
  2744 | D:2      | Found a glowing silver altar of Zin.
  3032 | D:3      | Reached skill level 1 in Fighting
  3909 | D:4      | Reached XP level 5. HP: 32/37 MP: 0/0
  3909 | D:4      | Learned a level 2 spell: Blink
  3994 | D:4      | Noticed a phantom
  4000 | D:4      | Killed a phantom
  4001 | D:4      | Reached skill level 4 in Spellcasting
  4078 | D:4      | Reached XP level 6. HP: 35/43 MP: 0/0
  4741 | D:4      | Noticed a black bear
  4748 | D:4      | Killed a black bear
  4749 | D:4      | Reached skill level 5 in Spellcasting
  4749 | D:4      | Reached XP level 7. HP: 38/49 MP: 0/0
  4749 | D:4      | Learned a level 2 spell: Searing Ray
  5239 | D:5      | Entered Level 5 of the Dungeon
  5916 | D:5      | Reached skill level 6 in Spellcasting
  5916 | D:5      | Reached XP level 8. HP: 50/55 MP: 0/0
  6226 | D:6      | Found Kiugga's Assorted Antiques.
  6750 | D:6      | Found Fokhlipo's General Store.
  6811 | D:6      | Bought a scroll of identify for 28 gold pieces
  6844 | D:6      | Found a staircase to the Ecumenical Temple.
  6909 | Temple   | Entered the Ecumenical Temple
  6934 | Temple   | Became a worshipper of Gozag Ym Sagoz the Greedy
  7376 | D:6      | Found Koacomucw's Antique Armour Emporium.
  7397 | D:6      | Reached skill level 7 in Spellcasting
  7483 | D:6      | Found Mejuc's General Store.
  7491 | D:6      | Bought a scroll of identify for 20 gold pieces
  7491 | D:6      | Bought a scroll of identify for 20 gold pieces
  7844 | D:6      | Bought a potion of mutation for 112 gold pieces
  7844 | D:6      | Bought a scroll of vulnerability for 105 gold pieces
  8046 | D:7      | Found a shimmering altar of Xom.
  8067 | D:7      | Reached XP level 9. HP: 48/61 MP: 0/0
  8067 | D:7      | Learned a level 3 spell: Gell's Gravitas
  8849 | D:8      | Reached skill level 8 in Spellcasting
  9688 | D:8      | Noticed Prince Ribbit
  9696 | D:8      | Killed Prince Ribbit
  9799 | D:8      | Reached skill level 9 in Spellcasting
 10210 | D:9      | Noticed a death yak
 10211 | D:9      | Noticed a death yak
 10212 | D:9      | Noticed a death yak
 10212 | D:9      | Noticed a death yak
 10213 | D:9      | Found a staircase to the Lair.
 10213 | D:9      | Noticed a death yak
 10213 | D:9      | Noticed a death yak
 10213 | D:9      | Noticed a death yak
 10214 | D:9      | Noticed a death yak
 10244 | D:9      | Reached XP level 10. HP: 36/68 MP: 0/0
 10693 | D:9      | Found a sacrificial altar of Ru.
 10917 | D:9      | Killed a death yak
 10918 | D:9      | Reached skill level 1 in Short Blades
 10918 | D:9      | Reached skill level 10 in Spellcasting
 10938 | D:9      | You are sucked into a shaft and drop 2 floors!
 10943 | D:11     | Noticed Nergalle
 10943 | D:11     | Noticed a two-headed ogre
 10965 | D:11     | Noticed a cyclops
 10971 | D:11     | Hit by a large rock thrown by a cyclops

Illustrated notes

Levels and vault maps discovered:
D:1:      minmay_arrival_stone_box, layout_loops_corners,
          chequers_decorated_corner, minmay_quantized
D:2:      layout_rooms, basic_altar
D:3:      layout_rooms
D:4:      layout_loops_ring, minmay_a_box_with_orc_wizards_in_it
D:5:      layout_rooms
D:6:      layout_basic, mainiacjoe_overflow_brackets, minmay_temple_entry_ruins,
          serial_shops, nicolae_shop_waterfront, nicolae_shop_waterfront, shop,
          nicolae_stop_n_shop_2, minmay_starry_boxes
D:7:      layout_loops_ring, mainiacjoe_overflow_tiny_flanked
D:8:      layout_basic, vehumet_statue, fountainhead, grunt_ministairs_6,
          uniq_prince_ribbit1
D:9:      layout_basic, lemuel_tele_altar, gammafunk_temple_overflow_pools,
          dpeg_lair_monsters
D:11:     layout_loops_ring, orc_david_3, trove_entry_hex_spiral, uniq_nergalle
Temple:   regret_index_temple_sphere_string

Skill      XL: |  1  2  3  4  5  6  7  8  9 10 |
---------------+-------------------------------+-----
Spellcasting   | 3 4 5 6 7 9 10 | 10.2
Fighting       | 1 2 3 4 |  4.8
Stealth        | 2 3 |  3.3
Dodging        | 3 |  3.3
Short Blades   | 1 |  1.0
Axes           | |  0.4

Action                   |  1- 3 |  4- 6 |  7- 9 | 10-12 || total
-------------------------+-------+-------+-------+-------++-------
Melee: Hand axe          |     1 |     3 |     7 |       ||    11
       Dagger            |       |       |    12 |     9 ||    21
 Cast: Foxfire           |   101 |   103 |   108 |    12 ||   324
       Scorch            |       |    15 |    60 |     7 ||    82
       Flame Wave        |       |       |     3 |     3 ||     6
       Conjure Flame     |       |       |       |     1 ||     1
       Blink             |       |       |       |     1 ||     1
  Use: Scroll            |       |       |    12 |     4 ||    16
       Potion            |       |       |       |     1 ||     1
 Stab: Sleeping          |       |       |     1 |       ||     1
Armor: Robe              |     2 |     2 |    12 |     1 ||    17
Dodge: Dodged            |     5 |    19 |    48 |     7 ||    79

Table legend: (Time is in decaauts)
 A = Elapsed time spent in this place.
 B = Non-inter-level travel time spent in this place.
 C = Inter-level travel time spent in this place.
 D = Time resting spent in this place.
 E = Time spent auto-exploring this place.
 F = Levels seen in this place.
 G = Mean time per level.
                   A        B        C        D        E       F      G
               +--------+--------+--------+--------+--------+-----+--------+
         Total |  10969 |  10628 |    341 |    343 |   9215 |  11 |  997.2 |
       Dungeon |  10933 |  10603 |    330 |    343 |   9197 |  10 | 1093.3 |
        Temple |     35 |     25 |     10 |      0 |     18 |   1 |   35.0 |
               +--------+--------+--------+--------+--------+-----+--------+

Top non-repeatable levels by time:
     D:1: 2286 daAuts
     D:6: 1679 daAuts
     D:4: 1459 daAuts
     D:8: 1408 daAuts
     D:7: 919 daAuts
     D:5: 905 daAuts
     D:3: 751 daAuts
     D:9: 748 daAuts
     D:2: 740 daAuts
  Temple: 35 daAuts
    D:11: 32 daAuts
